 Dungeon Crawl Stone Soup version 0.22-a0-419-g492bfec (webtiles) character file.

83 iamserjio the Poker (level 4, 0/33 HPs)
             Began as a Merfolk Gladiator on May 15, 2018.
             Succumbed to an adder's poison
             ... on level 2 of the Dungeon.
             The game lasted 00:02:41 (1544 turns).

iamserjio the Poker (Merfolk Gladiator)             Turns: 1544, Time: 00:02:42

Health: 0/33       AC:  4    Str: 15    XL:     4   Next: 44%
Magic:  4/4        EV: 14    Int: 12    God:
Gold:   67         SH:  0    Dex: 15    Spells: 3/3 levels left

rFire    . . .     SeeInvis .   a - +0 trident
rCold    . . .     Gourm    .   (no shield)
rNeg     . . .     Faith    .   b - +0 leather armour
rPois    .         Spirit   .   c - +0 helmet
rElec    .         Reflect  .   (no cloak)
rCorr    .         Harm     .   (no gloves)
MR       .....                  (no boots)
Stlth    +.........             (no amulet)
HPRegen  0.11/turn              (no ring)
MPRegen  0.09/turn              (no ring)

@: brilliant, lethally poisoned (0 -> -5), very slightly contaminated, invisible
A: change form in water, swift swim, stealthy swim
a: no special abilities


You were on level 2 of the Dungeon.
You were very hungry.

You visited 1 branch of the dungeon, and saw 2 of its levels.

You collected 67 gold pieces.

Inventory:

Hand Weapons
 a - a +0 trident (weapon)
 r - a cursed -3 spear
Missiles
 d - 3 throwing nets (quivered)
Armour
 b - a +0 leather armour (worn)
 c - a +0 helmet (worn)
 g - a +0 ring mail
Jewellery
 j - an uncursed ring of flight {unknown}
 n - a +4 ring of strength {unknown}
Scrolls
 e - 3 scrolls of identify {unknown}
 h - a scroll of teleportation {unknown}
 i - a scroll of fear {unknown}
 l - a scroll of enchant armour {unknown}
 m - a scroll of blinking {unknown}
 o - a scroll of amnesia {unknown}
Comestibles
 f - 3 rations


   Skills:
 - Level 2.1 Fighting
 * Level 6.6 Polearms
 - Level 2.0 Throwing
 + Level 5.0 Dodging


You had 3 spell levels left.
You didn't know any spells.
Your spell library was empty.

Dungeon Overview and Level Annotations

Branches:
Dungeon (2/15)

Altars:


Message History

The adder bites you.
* * * LOW HITPOINT WARNING * * *
You are lethally poisoned!
The adder poisons you!
You aren't carrying any potions.
Unknown command.
Okay, then.
You aren't carrying any potions.
Unknown command.
You hit the adder.
The adder is moderately wounded.
* * * LOW HITPOINT WARNING * * *
You feel sick. The adder barely misses you. The adder closely misses you.
You closely miss the adder.
The adder is moderately wounded.
The adder closely misses you.
You catch the helpless adder completely off-guard!
You puncture the adder!
You kill the adder!
You die...

..####.#)....##
..# #.'........
..####.#.....###
.....#.#########
...#.#.###.....##
...#.#>..'......##
...#.#####.......#
...#.# #######.#
)###.# #@# .# .#
#†## .# #.# #Z.#
.# #.# ##'######
.###.# #.).....#
.....# #.....$.#
##...# #.........
#...# #.........
#...# #.........


You could see a hound zombie.

Vanquished Creatures
  3 gnolls (D:2)
  An adder (D:2)
  A dart slug (D:2)
  3 leopard geckos
  4 goblins (D:1)
  5 hobgoblins
  4 jackals (D:1)
  A ball python (D:2)
  A bat (D:1)
  2 frilled lizards
  5 kobolds
  12 rats
42 creatures vanquished.

Notes
Turn   | Place    | Note
-------+----------+-------------------------------------------
     0 | D:1      | iamserjio the Merfolk Gladiator began the quest for the Orb.
     0 | D:1      | Reached XP level 1. HP: 16/16 MP: 1/1
   170 | D:1      | Reached skill level 5 in Polearms
   170 | D:1      | Reached XP level 2. HP: 22/22 MP: 2/2
   492 | D:1      | Reached XP level 3. HP: 23/27 MP: 3/3
   994 | D:2      | Reached skill level 6 in Polearms
   997 | D:2      | Reached XP level 4. HP: 17/33 MP: 4/4
  1492 | D:2      | Reached skill level 5 in Dodging
  1542 | D:2      | HP: 1/33 [poisoned by an adder]
  1544 | D:2      | Succumbed to an adder's poison

Vault maps used:
D:1:      tarquinn_simple_flora_water_f, minmay_rat_gold_closets
D:2:      minmay_tromino_v2

Skill      XL: |  1  2  3  4 |
---------------+-------------+-----
Polearms       | 5 6 |  6.6
Dodging        | 5 |  5.0
Fighting       | |  2.1
Throwing       | |  2.0

Action                   |  1- 3 |  4- 6 || total
-------------------------+-------+-------++-------
Melee: Trident           |    90 |    51 ||   141
  Use: Potion            |       |     2 ||     2
 Stab: Sleeping          |     7 |       ||     7
       Invisible         |       |     2 ||     2
  Eat: Chunk             |       |     1 ||     1
Armor: Leather armour    |    19 |    13 ||    32
Dodge: Dodged            |    43 |    34 ||    77

Table legend:
 A = Spawn XP
 B = Non-spawn XP
 C = Spawn XP percentage of total XP
 D = Spawn monster count
 E = Non-spawn monster count
 F = Spawn count percentage of total count
 G = Total turns spent on level
                    A         B        C        D         E        F      G
               +---------+---------+-------+---------+---------+-------+---------
         Total |       0 |     119 |   0.0 |       0 |      42 |   0.0 |  1544
               +---------+---------+-------+---------+---------+-------+---------
           D:1 |       0 |      44 |   0.0 |       0 |      29 |   0.0 |   902
           D:2 |       0 |      75 |   0.0 |       0 |      13 |   0.0 |   642
               +---------+---------+-------+---------+---------+-------+---------
